 Dungeon Crawl Stone Soup version 0.30.1-4-g462c640d31 (webtiles) character file.

Game seed: 11082770933339359644

53 Kranky the Gusty (level 4, -11/34 HPs)
             Began as a Formicid Wanderer on Sept 8, 2023.
             Mangled by Crazy Yiuf
             ... wielding a +2 quarterstaff of chaos
              (12 damage)
             ... on level 2 of the Dungeon.
             The game lasted 00:02:27 (1493 turns).

Kranky the Gusty (Formicid Wanderer)                Turns: 1493, Time: 00:02:27

Health: -11/34     AC:  6    Str: 14    XL:     4   Next: 11%
Magic:  5/5        EV: 16    Int: 12    God:
Gold:   74         SH:  0    Dex: 16    Spells: 5/5 levels left

rFire   . . .        a - +2 dagger
rCold   . . .        (no shield)
rNeg    + . .        e - +0 robe
rPois   +            (helmet unavailable)
rElec   .            h - +2 ratskin cloak {*Rats rPois rN+ Str-1 Int-1 Dex+1}
rCorr   .            c - +0 pair of gloves
SInv    +            (no boots)
Will    .....        (no amulet)
Stlth   ++           (no ring)
HPRegen 0.25/turn    (no ring)
MPRegen 0.09/turn

%: no passive effects
@: agile
A: permanent stasis, dig shafts and tunnels, antennae 3, four strong arms
a: Dig, Shaft Self


You were on level 2 of the Dungeon.
You visited 1 branch of the dungeon, and saw 2 of its levels.

You collected 74 gold pieces.

Inventory:

Hand Weapons
 a - a +2 dagger (weapon)
Missiles
 b - 2 curare-tipped darts (quivered)
Armour
 c - a +0 pair of gloves (worn)
 e - a +0 robe (worn)
 h - the +2 ratskin cloak (worn) {*Rats rPois rN+ Str-1 Int-1 Dex+1}
   (You found it on level 2 of the Dungeon)

   *Rats:     When the wearer is hurt, rats may emerge from it to assist them.
   Str:       It affects your strength (-1).
   Int:       It affects your intelligence (-1).
   Dex:       It affects your dexterity (+1).
   rPois:     It protects you from poison.
   rN:        It protects you from negative energy.
Scrolls
 f - a scroll of amnesia {unknown}
 i - a scroll of enchant weapon {unknown}
 j - a scroll of poison {unknown}
 k - a scroll of fear {unknown}
 m - a scroll of identify {unknown}
Potions
 d - a potion of brilliance
 g - a potion of might {unknown}
 l - a potion of haste {unknown}


   Skills:
 + Level 2.9 Fighting
 - Level 2.0 Throwing
 + Level 2.8 Armour
 - Level 1.2 Stealth
 - Level 1.1 Spellcasting
 - Level 3.2 Air Magic


You had 5 spell levels left.
You didn't know any spells.
Your spell library contained the following spells:

 Spells                   Type           Power      Damage    Failure   Level
 Poisonous Vapours        Pois/Air       8%         N/A       24%         2
 Cigotuvi's Dreadful Rot  Necr/Pois/Air  6%         N/A       28%         2


Dungeon Overview and Level Annotations

Branches:
Dungeon (2/15)

Altars:

Annotations:
D:2 Crazy Yiuf


Innate Abilities, Weirdness & Mutations

You cannot be hasted, slowed, berserked, paralysed or teleported.
You can dig through walls and to a lower floor.
You have a pair of large antennae on your head. (SInv)
Your four strong arms can wield two-handed weapons with a shield.


Message History

You hit Crazy Yiuf.
Crazy Yiuf is moderately wounded.
Crazy Yiuf hits you with a +2 quarterstaff of chaos!
You hit Crazy Yiuf.
Crazy Yiuf is moderately wounded.
Crazy Yiuf grits, "Rot!
Goober tortoise sow."
Crazy Yiuf hits you but does no damage.
You closely miss Crazy Yiuf.
Crazy Yiuf is moderately wounded.
Crazy Yiuf completely misses you.
You hit Crazy Yiuf but do no damage.
Crazy Yiuf is moderately wounded.
Crazy Yiuf hits you with a +2 quarterstaff of chaos.
You barely miss Crazy Yiuf.
Crazy Yiuf is moderately wounded.
Crazy Yiuf hits you with a +2 quarterstaff of chaos!
Your stasis prevents you from being hasted.
You hit Crazy Yiuf but do no damage.
Crazy Yiuf is moderately wounded.
Crazy Yiuf hits you with a +2 quarterstaff of chaos.
Crazy Yiuf freezes you.
You barely miss Crazy Yiuf.
Crazy Yiuf is moderately wounded.
Crazy Yiuf hits you with a +2 quarterstaff of chaos!
* * * LOW HITPOINT WARNING * * *
You resist with some effort.
You hit Crazy Yiuf but do no damage.
Crazy Yiuf is moderately wounded.
Crazy Yiuf says, "Nubble testudinal blue!"
Crazy Yiuf closely misses you.
You barely miss Crazy Yiuf.
Crazy Yiuf is moderately wounded.
Crazy Yiuf waves his quarterstaff at you.
Crazy Yiuf hits you with a +2 quarterstaff of chaos.
* * * LOW HITPOINT WARNING * * *
You feel agile all of a sudden.
You hit Crazy Yiuf but do no damage.
Crazy Yiuf is moderately wounded.
Crazy Yiuf hits you with a +2 quarterstaff of chaos!
You die...

#.#..####..#.##.#.#.#.#
########.#..###..##.##.#†#.#.#
#........#....†.###.##.#.#.#.#
#.############### ####.#..[#.#
#.##### #.#####.# ###.....#
### #.# .#########♣♣ ### #.#
..#####..#.♣♣ ♣♣#..)# #.#
#...#.......♣♣♣♣@g...# #.#
###...#......♣..♣#...# #.#
#.......#..♣.♣♣♣ ### #<#
#.†....##♣♣♣♣♣ ### #......#
#......## ###
######..########.#
#.>....†....# #############


You could see Crazy Yiuf.

Vanquished Creatures
  An adder (D:2)
  A worm (D:2)
  A dart slug (D:2)
  4 ball pythons (D:1)
  5 endoplasms
  3 hobgoblins
  4 quokkas (D:2)
  A bat (D:1)
  5 frilled lizards
  3 goblins (D:1)
  3 kobolds
  4 rats
35 creatures vanquished.

Vanquished Creatures (collateral kills)
  A dart slug (D:2)
1 creature vanquished.

Grand Total: 36 creatures vanquished

Notes
Turn   | Place    | Note
-------+----------+-------------------------------------------
     0 | D:1      | Kranky the Formicid Wanderer began the quest for the Orb.
     0 | D:1      | Kranky set off with the following items: a +2 dagger, 2
                  | curare-tipped darts, a +0 pair of gloves, a potion of
                  | brilliance, a +0 robe; and the following spells available
                  | to memorise: Poisonous Vapours, Cigotuvi's Dreadful Rot.
     0 | D:1      | Reached XP level 1. HP: 15/15 MP: 2/2
   116 | D:1      | Reached XP level 2. HP: 22/22 MP: 3/3
   681 | D:1      | Reached XP level 3. HP: 27/27 MP: 4/4
   787 | D:2      | Found the +2 ratskin cloak {*Rats rPois rN+ Str-1 Int-1
                  | Dex+1}
  1180 | D:2      | Found a faded altar of an unknown god.
  1225 | D:2      | Reached XP level 4. HP: 34/34 MP: 5/5
  1419 | D:2      | Found a runed translucent door.
  1420 | D:2      | Noticed Crazy Yiuf
  1492 | D:2      | HP: 1/34 [Crazy Yiuf/+2 quarterstaff of chaos (5)]
  1493 | D:2      | Mangled by Crazy Yiuf

Illustrated notes

Levels and vault maps discovered:
D:1:      roderic_dead_forest, layout_basic, amethyst_killhole, chequers_jeans
D:2:      layout_basic, hellmonk_ecumenical_altar_run_dry,
          uniq_crazy_yiuf_cottage

Skill      XL: |  1  2 |
---------------+-------+-----
Armour         | 2 |  2.8
Fighting       | 2 |  2.9
Throwing       | |  2.0
Stealth        | |  1.2
Spellcasting   | |  1.1
Air Magic      | |  3.2

Action                     |  1- 3 |  4- 6 || total
---------------------------+-------+-------++-------
  Melee: Dagger            |   110 |    20 ||   130
         Punch             |     1 |       ||     1
   Stab: Sleeping          |     4 |     1 ||     5
 Armour: Robe              |    31 |     5 ||    36
  Dodge: Dodged            |    60 |     6 ||    66
